 Dungeon Crawl Stone Soup version 0.30.1-11-g7821555f0a (webtiles) character file.

Game seed: 17331702776257117899

49 porpoise the Shooter (level 3, -2/22 HPs)
             Began as a Tengu Hunter on Dec 31, 2023.
             Slain by Terence
             ... wielding a +0 falchion
              (5 damage)
             ... on level 2 of the Dungeon.
             The game lasted 00:03:26 (1145 turns).

porpoise the Shooter (Tengu Hunter)                 Turns: 1145, Time: 00:03:27

Health: -2/22      AC:  5    Str: 11    XL:     3   Next: 75%
Magic:  4/4        EV: 11    Int:  9    God:
Gold:   84         SH:  0    Dex: 19    Spells: 2/2 levels left

rFire   . . .        s - +0 mace (heavy)
rCold   . . .        (no shield)
rNeg    . . .        g - +0 ring mail
rPois   .            (helmet restricted)
rElec   .            (no cloak)
rCorr   .            (no gloves)
SInv    .            (boots unavailable)
Will    .....        (no amulet)
Stlth   +            (no ring)
HPRegen 0.23/turn    (no ring)
MPRegen 0.09/turn

%: no passive effects
@: no status effects
A: beak, talons 3
a: no special abilities


You were on level 2 of the Dungeon.
You visited 1 branch of the dungeon, and saw 2 of its levels.

You collected 84 gold pieces.

Inventory:

Hand Weapons
 a - a +1 shortbow
 n - a +1 short sword of speed
 s - a +0 heavy mace (weapon)
Armour
 c - a +0 leather armour
 g - a +0 ring mail (worn)
 r - a +0 buckler
Scrolls
 b - a scroll of immolation
 d - a scroll of enchant weapon
 e - a scroll of vulnerability {unknown}
 i - a scroll of torment {unknown}
 k - 3 scrolls of fear {unknown}
 q - 2 scrolls of teleportation {unknown}
Potions
 f - a potion of attraction {unknown}
 h - a potion of might {unknown}
 j - a potion of brilliance {unknown}
 l - a potion of curing {unknown}
 m - a potion of mutation {unknown}
 o - a potion of cancellation {unknown}
 p - a potion of heal wounds {unknown}


   Skills:
 + Level 2.7 Fighting
 * Level 5.4 Ranged Weapons
 - Level 2.1 Dodging
 - Level 1.0 Stealth


You had 2 spell levels left.
You didn't know any spells.
Your spell library contained the following spells:

 Spells                   Type           Power      Damage    Failure   Level
 Shock                    Conj/Air       0%         1d3       69%         1
 Summon Small Mammal      Summ           0%         N/A       69%         1
 Call Canine Familiar     Summ           0%         N/A       96%         3
 Summon Guardian Golem    Hex/Summ       0%         N/A       96%         3
 Swiftness                Air            0%         N/A       96%         3
 Airstrike                Air            0%         2d(0-16)  100%        4


Dungeon Overview and Level Annotations

Branches:
Dungeon (2/15)

Altars:

Shops:
D:2 (

Annotations:
D:2 Terence


Innate Abilities, Weirdness & Mutations

You have a beak for a mouth.
You have claws for feet.


Message History

You hit the kobold. Your kick misses the kobold. You peck the kobold.
You kill the kobold!
No target in view!
a - a +1 shortbow (weapon)
Things that are here:
a +0 club; a kobold corpse
Found an escape hatch in the ceiling.
No target in view!
Terence the Incautious comes into view.
He is wielding a +0 falchion.
You shoot an arrow. The arrow completely misses Terence.
Terence shouts!
You shoot an arrow. The arrow barely misses Terence.
You shoot an arrow.
The arrow hits Terence but does no damage.
You shoot an arrow. The arrow hits Terence.
Terence is moderately wounded.
Okay, then.
You shoot an arrow. The arrow hits Terence.
Terence is moderately wounded.
Terence completely misses you.
You are now empty-handed.
Really attack while wielding nothing?
Okay, then.
s - a +0 heavy mace (weapon)
Terence hits you with a +0 falchion.
You hit Terence but do no damage. Your kick misses Terence.
Terence is moderately wounded.
Terence hits you but does no damage. Terence closely misses you.
You closely miss Terence.
Terence is moderately wounded.
Terence hits you with a +0 falchion. x2
You hit Terence. Your kick misses Terence.
Terence is heavily wounded.
Terence hits you with a +0 falchion. Terence hits you but does no damage.
You hit Terence. Your kick misses Terence.
Terence is almost dead.
Terence hits you with a +0 falchion!
* * * LOW HITPOINT WARNING * * *
Terence hits you with a +0 falchion.
You die...

..# #.# #<# #.#
#.# #.# #.# #@#
#.# #@# #.# #.# .#
#.# #.# .# #.# #)#
.# #<# #.# #.#
#.######.#
...######.##.....#
.#.......#...#####
...######.#..#


You could see Terence.

Vanquished Creatures
  An adder (D:2)
  A worm (D:2)
  A dart slug (D:1)
  3 endoplasms
  3 giant cockroaches (D:1)
  5 goblins
  2 hobgoblins (D:1)
  5 kobolds
  2 quokkas (D:1)
  2 ball pythons (D:2)
  3 bats (D:1)
  2 frilled lizards
  2 rats (D:2)
32 creatures vanquished.

Notes
Turn   | Place    | Note
-------+----------+-------------------------------------------
     0 | D:1      | porpoise the Tengu Hunter began the quest for the Orb.
     0 | D:1      | Reached XP level 1. HP: 12/12 MP: 2/2
   230 | D:1      | Reached XP level 2. HP: 17/17 MP: 3/3
   529 | D:1      | Reached skill level 5 in Ranged Weapons
   726 | D:2      | Reached XP level 3. HP: 22/22 MP: 4/4
  1011 | D:2      | Found Zeawyid's Antique Weapon Shop.
  1134 | D:2      | Noticed Terence
  1145 | D:2      | Slain by Terence

Illustrated notes

Levels and vault maps discovered:
D:1:      dpeg_arrival_simpleton_c, layout_loops_cross
D:2:      layout_loops_ring, serial_shops, shop, chequers_serial_rivers_micro_a,
          minmay_shallow_snake_nest, uniq_terence

Skill      XL: |  1  2 |
---------------+-------+-----
Ranged Weapons | 5 |  5.4
Fighting       | |  2.7
Dodging        | |  2.1
Stealth        | |  1.0

Action                     || total
---------------------------++-------
  Melee: Mace              ||     5
         Peck              ||     1
   Fire: Shortbow          ||   112
    Use: Scroll            ||     1
   Stab: Sleeping          ||     1
 Armour: Leather armour    ||     4
         Ring mail         ||    18
  Dodge: Dodged            ||    48
